 Dungeon Crawl Stone Soup version 0.29.1-2-gbd0b4ee654 (webtiles) character file.

Game seed: 11709712142817127072

582 xian the Trooper (level 7, -1/54 HPs)
             Began as a Demonspawn Abyssal Knight on Nov 4, 2022.
             Was an Elder of Lugonu.
             Slain by an iguana (2 damage)
             ... on level 5 of the Dungeon.
             The game lasted 00:10:15 (5009 turns).

xian the Trooper (Demonspawn Abyssal Knight)        Turns: 5009, Time: 00:10:16

Health: -1/54      AC: 11    Str: 15    XL:     7   Next: 14%
Magic:  10/10      EV:  7    Int: 12    God:    Lugonu [****..]
Gold:   197        SH:  5    Dex: 13    Spells: 6/6 levels left

rFire   . . .      SeeInvis .   l - +2 halberd (venom)
rCold   . . .      Faith    .   (shield currently unavailable)
rNeg    . . .      Spirit   .   c - +0 storm dragon scales
rPois   .          Reflect  +   (no helmet)
rElec   +          Harm     .   (no cloak)
rCorr   .          Rampage  .   (no gloves)
Will    .....                   (no boots)
Stlth   ..........              o - amulet of reflection
HPRegen 0.18/turn               r - ring of wizardry
MPRegen 0.12/turn               (no ring)

@: no status effects
A: powered by pain 1, demonic magic 1, demonic touch 2
a: Renounce Religion, Depart the Abyss, Bend Space, Banish, Corrupt


You were on level 5 of the Dungeon.
You worshipped Lugonu.
Lugonu was greatly pleased with you.
You visited 1 branch of the dungeon, and saw 5 of its levels.
You visited the Abyss 1 time.

You collected 207 gold pieces.
You spent 10 gold pieces at shops.

Inventory:

Hand Weapons
 a - a +1 hand axe
 l - a +2 halberd of venom (weapon)
Armour
 c - +0 storm dragon scales (worn)
Jewellery
 o - an amulet of reflection (around neck)
 r - a ring of wizardry (left hand)
Scrolls
 d - a scroll of amnesia
 f - a scroll of vulnerability
 i - a scroll of teleportation
 k - 2 scrolls of magic mapping
 n - a scroll of fog
 q - a scroll of fear
Potions
 b - a potion of flight {unknown}
 e - a potion of attraction {unknown}
 g - a potion of might {unknown}
 h - a potion of curing
 j - a potion of resistance {unknown}
 m - a potion of heal wounds {unknown}
 p - a potion of lignification


   Skills:
 + Level 4.2 Fighting
 + Level 2.8(3.7) Axes
 + Level 3.7(4.2) Polearms
 + Level 3.2 Armour
 + Level 2.0 Dodging
 + Level 0.5 Stealth
 + Level 1.2 Shields
 - Level 4.0 Invocations


You had 6 spell levels left.
You didn't know any spells.
Your spell library contained the following spells:

 Spells                   Type           Power      Damage    Failure   Level
 Sublimation of Blood     Necr           0%         N/A       98%         2
 Wereblood                Tmut           0%         N/A       98%         2
 Conjure Flame            Conj/Fire      0%         6-21      100%        3
 Ignite Poison            Fire/Tmut/Pois 0%         N/A       100%        3
 Sticky Flame             Conj/Fire      0%         2d3       100%        4
 Summon Hydra             Summ           0%         N/A       100%        7


Dungeon Overview and Level Annotations

Branches:
Dungeon (5/15)
 Temple: D:4-7

Altars:
Hepliaklqana

Shops:
D:2 [   D:3 [(!!(

Annotations:
D:2 ring
D:3 war axe helm of intelligence


Innate Abilities, Weirdness & Mutations

You sometimes gain a little power by taking damage.
Spells you cast may paralyse adjacent enemies.
Your touch may inflict irresistible damage on your foes.


Message History

Press: ? - help, Dir - move target, f - scorpion
Aim: a scorpion (about 43% to evade your +2 halberd of venom)
You reach to attack!
You closely miss the scorpion. The scorpion closely misses you.
Unknown command.
You slash the scorpion!
The scorpion is poisoned.
The scorpion is heavily wounded.
The scorpion stings you.
You hit the scorpion.
The scorpion looks as sick as possible!
The scorpion is almost dead.
You kill the scorpion!
Lugonu accepts your kill.
Your Dodging skill increases to level 2!
You see here a scorpion corpse.
An ogre comes into view. It is wielding a +0 giant club.
The ogre shouts!
You hear an angry hiss.
An iguana comes into view.
Reach: l) +2 halberd (venom)
Press: ? - help, Dir - move target, f - ogre
Aim: an ogre, wielding a +0 giant club (about 27% to evade your +2 halberd of venom)
You reach to attack!
You barely miss the ogre.
Unknown command.
You barely miss the ogre. The ogre hits you with a +0 giant club!
You hit the ogre but do no damage.
The ogre is poisoned.
The ogre hits you with a +0 giant club.
You hit the ogre.
The ogre looks as sick as possible!
The ogre is moderately wounded.
The ogre barely misses you. The iguana barely misses you.
You barely miss the ogre.
The ogre is moderately wounded.
The iguana bites you but does no damage.
You block the ogre's attack.
You barely miss the ogre.
The ogre is moderately wounded.
You block the iguana's attack.
The ogre hits you with a +0 giant club!!
Ouch! That really hurt!
* * * LOW HITPOINT WARNING * * *
The iguana bites you.
You die...

#.. .. #.. . #.. .
#.# .# #######
#.##.##.# #..<..#
#.......# #.....#
#Ol.....# #.....#
#@##.##.# #.....#
#.##.##.# #.....#
#.##.##.# ###.###
#.##.##.#####.####
#†##.##.##........
#.......##.##....#
####.##.......##..
#.##.##.##.###.
#.##.##.##.###.


You could see an ogre (extremely poisoned) and an iguana.

Vanquished Creatures
  A black bear (D:4)
  An ogre (D:5)
  A phantom (D:5)
  2 scorpions
  An orc priest (D:3)
  A hound (D:5)
  6 adders
  A worm (D:2)
  4 dart slugs
  8 orcs
  4 endoplasms (D:1)
  6 giant cockroaches
  6 goblins
  7 hobgoblins
  8 jackals
  7 kobolds
  4 quokkas
  9 ball pythons
  8 bats
  3 frilled lizards
  4 rats
92 creatures vanquished.

Notes
Turn   | Place    | Note
-------+----------+-------------------------------------------
     0 | Abyss:1  | xian the Demonspawn Abyssal Knight began the quest for the
                  | Orb.
     0 | Abyss:1  | Reached XP level 1. HP: 18/18 MP: 2/2
     1 | D:1      | Escaped the Abyss
    18 | D:1      | Found a faded altar of an unknown god.
    55 | D:1      | Gained mutation: You sometimes gain a little power by
                  | taking damage. [demonic ancestry]
    55 | D:1      | Reached XP level 2. HP: 7/24 MP: 4/4
   724 | D:1      | Reached skill level 1 in Dodging
   728 | D:1      | Reached XP level 3. HP: 15/29 MP: 5/5
  1701 | D:2      | Found a hazy altar of Hepliaklqana.
  1948 | D:2      | Reached *** piety under Lugonu
  2105 | D:2      | Gained mutation: Your touch may inflict minor irresistible
                  | damage on your foes. [demonic ancestry]
  2105 | D:2      | Reached XP level 4. HP: 32/35 MP: 6/6
  2222 | D:2      | Found Savel Ylle's Armour Emporium.
  2855 | D:3      | Reached skill level 1 in Polearms
  3095 | D:3      | Found Wiosi's Weapon Emporium.
  3141 | D:3      | Found Zibecrup's Distillery.
  3141 | D:3      | Found Cagef's Distillery.
  3163 | D:3      | Bought a potion of degeneration for 10 gold pieces
  3271 | D:3      | Reached XP level 5. HP: 19/41 MP: 8/8
  3592 | D:3      | Found Keokuqud's Armour Shop.
  3614 | D:3      | Found Weluodghu's Weapon Boutique.
  4007 | D:4      | Noticed a black bear
  4016 | D:4      | Killed a black bear
  4202 | D:4      | Reached **** piety under Lugonu
  4274 | D:4      | Gained mutation: Spells you cast may paralyse adjacent
                  | enemies. [demonic ancestry]
  4274 | D:4      | Reached XP level 6. HP: 44/47 MP: 9/9
  4593 | D:5      | Entered Level 5 of the Dungeon
  4732 | D:5      | Reached skill level 1 in Shields
  4746 | D:5      | Identified the +2 hand axe of the Twenty Portals {vorpal,
                  | Will+ Dex+2}
  4942 | D:5      | Gained mutation: Your touch may inflict irresistible damage
                  | on your foes. [demonic ancestry]
  4942 | D:5      | Reached XP level 7. HP: 49/54 MP: 10/10
  5009 | D:5      | HP: 1/54 [ogre/+0 giant club (32)]
  5009 | D:5      | Slain by an iguana

Illustrated notes

Levels and vault maps discovered:
D:1:      eino_arrival_cavern_b, layout_basic, basic_ecumenical_altar,
          serial_curves, eino_curves_01, eino_curves_03
D:2:      layout_basic, basic_altar, serial_shops, shop,
          kennysheep_generic_room_7
D:3:      layout_loops_corners, serial_shops, shop, shop, shop,
          nicolae_shop_bloodbath_and_beyond, shop
D:4:      layout_gridville
D:5:      wander_river, layout_loops_cross, nzn_wu_jian_council_hall,
          minivault_14

Skill      XL: |  1  2  3  4  5  6  7 |
---------------+----------------------+-----
Axes           | 2 |  2.8
Invocations    | 3 4 |  4.0
Dodging        | 1 2 |  2.0
Armour         | 2 3 |  3.2
Polearms       | 1 2 3 |  3.7
Shields        | 1 |  1.2
Fighting       | 4 |  4.2
Stealth        | |  0.5

Action                   |  1- 3 |  4- 6 |  7- 9 || total
-------------------------+-------+-------+-------++-------
Melee: Hand axe          |   120 |     4 |       ||   124
       Halberd           |       |   158 |     9 ||   167
       Touch             |       |     1 |       ||     1
  Use: Scroll            |       |     6 |       ||     6
       Potion            |       |     2 |       ||     2
Armor: Leather armour    |    45 |    36 |       ||    81
       Storm dragon scal |       |    92 |     1 ||    93
       Skin              |       |     6 |       ||     6
Dodge: Dodged            |    99 |    96 |     3 ||   198
Block: Other             |       |    47 |     2 ||    49
